 Dungeon Crawl Stone Soup version 0.22.1-2-g9c5b331383 (webtiles) character file.

74 Marnok the Shield-Bearer (level 4, -21/40 HPs)
             Began as a Minotaur Fighter on Dec 7, 2018.
             Was an Initiate of Wu Jian.
             Killed from afar by a gnoll (24 damage)
             ... with an exploding inner flame
             ... hexed by the player character
             ... on level 3 of the Dungeon.
             The game lasted 00:03:28 (975 turns).

Marnok the Shield-Bearer (Minotaur Fighter)          Turns: 975, Time: 00:03:29

Health: -21/40     AC:  7    Str: 26    XL:     4   Next: 9%
Magic:  3/3        EV:  7    Int:  5    God:    Wu Jian [......]
Gold:   69         SH: 10    Dex: 10    Spells: 3/3 levels left

rFire    . . .     SeeInvis .   a - +0 war axe
rCold    . . .     Gourm    .   c - +0 shield
rNeg     . . .     Faith    .   b - +0 scale mail
rPois    .         Spirit   .   (helmet restricted)
rElec    .         Reflect  .   (no cloak)
rCorr    .         Harm     .   (no gloves)
MR       .....                  (no boots)
Stlth    ..........             (no amulet)
HPRegen  0.13/turn              (no ring)
MPRegen  0.08/turn              (no ring)

@: mighty
A: retaliatory headbutt, horns 2
a: Renounce Religion


You were on level 3 of the Dungeon.
You worshipped Wu Jian.
Wu Jian was noncommittal.
You were not hungry.

You visited 1 branch of the dungeon, and saw 4 of its levels.

You collected 69 gold pieces.

Inventory:

Hand Weapons
 a - a +0 war axe (weapon)
Armour
 b - a +0 scale mail (worn)
 c - a +0 shield (worn)
 i - a +0 pair of gloves
Scrolls
 e - a scroll of immolation
Comestibles
 f - 2 rations


   Skills:
 + Level 4.0 Fighting
 + Level 3.5 Axes
 + Level 4.3 Armour
 + Level 4.4 Shields


You had 3 spell levels left.
You didn't know any spells.
Your spell library was empty.

Dungeon Overview and Level Annotations

Branches:
Dungeon (4/15)
 Temple: D:4-7

Altars:
Okawaru
Wu Jian


Innate Abilities, Weirdness & Mutations

You reflexively headbutt those who attack you in melee.
You have a pair of horns on your head.


Message History

* * * LOW HITPOINT WARNING * * *
As you read the scroll labeled QEW XUACOI, it crumbles to dust.
The creatures around you are filled with an inner flame!
It was a scroll of immolation.
The gnoll hits you from afar with an enchanted spear.
* * * LOW HITPOINT WARNING * * *
You block the gnoll's attack.
As you read the scroll labeled UJYAXU UPTAE, it crumbles to dust.
You experience a momentary feeling of inescapable doom!
It was a scroll of random uselessness.
The gnoll barely misses you. The gnoll hits you but does no damage.
You feel very mighty all of a sudden.
The gnoll hits you from afar with an enchanted spear.
* * * LOW HITPOINT WARNING * * *
The gnoll hits you but does no damage.
You slash the gnoll!
The gnoll explodes!
The fiery explosion engulfs you!
Ouch! That really hurt!
You die...

#.# ###.#
##.#####...####
.......)......#
##.#.###....#.####
#..........
##...##### ##.##
#@# #ยง# ##g##
#.g.# #.....#
#.......#
#!........#
+.........+
#.........#


You could see 2 gnolls.

Vanquished Creatures
  A gnoll (D:3)
  3 adders (D:3)
  A worm (D:3)
  A leopard gecko (D:2)
  3 orcs
  A giant cockroach (D:1)
  3 goblins
  4 hobgoblins
  4 jackals (D:2)
  2 kobolds
  A quokka (D:3)
  A bat (D:3)
  3 frilled lizards
  2 rats
30 creatures vanquished.

Vanquished Creatures (others)
  9 toadstools (D:4)
9 creatures vanquished.

Grand Total: 39 creatures vanquished

Notes
Turn   | Place    | Note
-------+----------+-------------------------------------------
     0 | D:1      | Marnok the Minotaur Fighter began the quest for the Orb.
     0 | D:1      | Reached XP level 1. HP: 19/19 MP: 0/0
   121 | D:2      | Reached XP level 2. HP: 25/27 MP: 1/1
   143 | D:2      | Found an iron altar of Okawaru.
   385 | D:3      | Reached XP level 3. HP: 32/33 MP: 2/2
   582 | D:4      | Found an ornate altar of the Wu Jian Council.
   589 | D:4      | Became a worshipper of the Wu Jian Council
   966 | D:3      | Reached XP level 4. HP: 26/40 MP: 3/3
   975 | D:3      | Killed from afar by a gnoll

Skill      XL: |  1  2  3 |
---------------+----------+-----
Shields        | 4 |  4.4
Armour         | 4 |  4.3
Fighting       | 4 |  4.0
Axes           | 3 |  3.5

Action                   |  1- 3 |  4- 6 || total
-------------------------+-------+-------++-------
Melee: War axe           |    69 |     3 ||    72
       Headbutt          |     9 |       ||     9
Invok: Lunge             |     1 |       ||     1
  Use: Potion            |     2 |     1 ||     3
       Scroll            |       |     2 ||     2
Armor: Scale mail        |    27 |     4 ||    31
Dodge: Dodged            |    32 |     2 ||    34
Block: Shield            |    44 |     2 ||    46
